 Dungeon Crawl Stone Soup version 0.29-a0-982-gaed3a0c8d8 (webtiles) character file.

Game seed: 9343445381169237081

25642 Alarak the Destroyer (level 12, -12/59 HPs)
             Began as a Deep Elf Ice Elementalist on July 30, 2022.
             Was a High Priest of Vehumet.
             Killed from afar by a crystal guardian (22 damage)
             ... with a crystal bolt
             ... on level 12 of the Dungeon on Aug 2, 2022.
             The game lasted 01:37:02 (16769 turns).

Alarak the Destroyer (Deep Elf Ice Elementalist)   Turns: 16769, Time: 01:37:03

Health: -12/59     AC:  8    Str:  5    XL:     12   Next: 91%
Magic:  22/30      EV: 13    Int: 32    God:    Vehumet [*****.]
Gold:   1202       SH:  0    Dex: 21    Spells: 9/35 levels left

rFire   . . .      SeeInvis .   a - staff of cold
rCold   + . .      Faith    .   (no shield)
rNeg    . . .      Spirit   .   m - +1 robe of Inference {Will+ Stlth+ Archmagi}
rPois   .          Reflect  .   H - +0 helmet
rElec   .          Harm     .   (no cloak)
rCorr   .          Rampage  .   D - +0 pair of gloves
Will    ++...      Archmagi +   C - +2 pair of boots
Stlth   +++.......              O - amulet of magic regeneration
HPRegen 0.19/turn               r - +6 ring of intelligence
MPRegen 0.62/turn               e - +6 ring of dexterity

@: no status effects
A: no striking features
a: Renounce Religion


You were on level 12 of the Dungeon.
You worshipped Vehumet.
Vehumet was extremely pleased with you.
You visited 2 branches of the dungeon, and saw 13 of its levels.

You collected 1202 gold pieces.

Inventory:

Hand Weapons
 l - a +3 sling of flaming
Armour
 m - the +1 robe of Inference (worn) {Will+ Stlth+ Archmagi}
   (You found it on level 3 of the Dungeon)

   Archmagi:  It increases the power of your magical spells.
   Will:      It increases your willpower.
   Stlth:     It makes you more stealthy.
 A - a +2 robe of cold resistance
 C - a +2 pair of boots (worn)
 D - a +0 pair of gloves (worn)
 H - a +0 helmet (worn)
Magical Staves
 a - a staff of cold (weapon)
Jewellery
 c - a ring of poison resistance
 e - a +6 ring of dexterity (right hand)
 i - an amulet of reflection
 p - a ring of see invisible
 r - a +6 ring of intelligence (left hand)
 v - a ring of positive energy
 F - a ring of fire
 K - a +6 ring of dexterity
 L - an amulet of regeneration
 M - an amulet of guardian spirit
 O - an amulet of magic regeneration (around neck)
Wands
 y - a wand of flame (78)
 z - a wand of digging (1)
 E - a wand of acid (27)
 I - a wand of polymorph (6)
Scrolls
 g - 2 scrolls of fear
 o - 4 scrolls of teleportation
 t - 3 scrolls of enchant weapon
 w - a scroll of noise
 N - a scroll of amnesia
 P - a scroll of vulnerability {unknown}
 R - a scroll of butterflies
Potions
 b - 2 potions of magic
 d - 2 potions of flight
 f - 4 potions of curing
 h - 6 potions of mutation
 j - 3 potions of attraction
 k - 2 potions of haste
 n - 2 potions of brilliance
 q - 2 potions of resistance
 s - 2 potions of might
 x - a potion of invisibility {unknown}
 B - a potion of lignification {unknown}
 G - 2 potions of degeneration {unknown}
 Q - 2 potions of heal wounds
Miscellaneous
 u - a lightning rod (4/4)


   Skills:
 - Level 2.4 Dodging
 - Level 2.4 Stealth
 - Level 12.0 Spellcasting
 - Level 12.2 Conjurations
 - Level 10.6 Necromancy
 + Level 10.1 Fire Magic
 - Level 9.3 Ice Magic
 - Level 9.0 Earth Magic


You had 9 spell levels left.
You knew the following spells:

 Your Spells              Type           Power      Damage    Failure   Level
a - Freeze                Ice            100%       1d11      1%          1
b - Frozen Ramparts       Ice            100%       1d18      1%          3
c - Ozocubu's Armour      Ice            100%       N/A       1%          3
d - Hailstorm             Conj/Ice       100%       3d20      1%          4
e - Borgnjor's Vile Clut  Necr/Erth      44%        N/A       1%          5
f - Fireball              Conj/Fire      47%        3d19      1%          5
g - Lee's Rapid Deconstr  Erth           43%        3d22*     1%          5

Your spell library contained the following spells:

 Spells                   Type           Power      Damage    Failure   Level
 Necrotise                Necr           100%       1d9       1%          1
 Poisonous Vapours        Pois/Air       56%        N/A       1%          2
 Vampiric Draining        Necr           92%        2d12      1%          3
 Animate Dead             Necr           92%        N/A       1%          4
 Agony                    Necr           92%        N/A       1%          5
 Sting                    Tmut/Pois      100%       1d8       2%          1
 Summon Small Mammal      Summ           100%       N/A       2%          1
 Ice Form                 Ice/Tmut       84%        N/A       3%          4
 Death Channel            Necr           46%        N/A       4%          6
 Corpse Rot               Necr/Pois/Air  58%        N/A       6%          4
 Simulacrum               Ice/Necr       56%        N/A       6%          6
 Olgreb's Toxic Radiance  Pois           28%        N/A       7%          4
 Call Canine Familiar     Summ           28%        N/A       8%          3
 Portal Projectile        Hex/Tloc       56%        N/A       8%          3
 Summon Guardian Golem    Hex/Summ       28%        N/A       8%          3
 Summon Lightning Spire   Summ/Air       28%        N/A       24%         4
 Summon Forest            Summ/Tloc      14%        N/A       56%         5
 Chain Lightning          Conj/Air       36%        3d48      100%        9


Dungeon Overview and Level Annotations

Branches:
Dungeon (12/15)            Temple (1/1) D:5            Lair (0/5) D:8
    Orc (0/2) D:9

Altars:
Ashenzari
Cheibriados
Dithmenos
Elyvilon
Fedhas
Gozag
Hepliaklqana
Kikubaaqudgha
Makhleb
Nemelex Xobeh
Okawaru
Qazlal
Ru
Sif Muna
Trog
Uskayaw
Vehumet
Wu Jian
Xom
Yredelemnul
Zin
The Shining One

Annotations:
D:12 2 transporters, exclusion: orange crystal statue, jt's ghost, journeyman MeAK
Temple 2 transporters


Message History

Okay, then.
Okay, then.
You open the door.
Cast which spell? (? or * to list)
Okay, then.
Cast which spell? (? or * to list)
Okay, then.
Cast which spell? (? or * to list)
Aiming: Borgnjor's Vile Clutch (dangerous; 1% risk of failure)
Press: ? - help, Shift-Dir - straight line, f - crystal guardian
Aim: a crystal guardian (100% to hit)
You feel a surge of power!
Zombie hands grab the crystal guardian.
The zombie hands constrict the crystal guardian!
The crystal guardian struggles to escape constriction.
Casting: Borgnjor's Vile Clutch (dangerous; 1% risk of failure)
Confirm with . or Enter, or press ? or * to list all spells.
Okay, then.
Casting: Borgnjor's Vile Clutch (dangerous; 1% risk of failure)
Confirm with . or Enter, or press ? or * to list all spells.
Aiming: Lee's Rapid Deconstruction (dangerous; 1% risk of failure)
Press: ? - help, Dir - move target, f - crystal guardian, p - crystal guardian Fragment what (e.g. wall or brittle monster)?: a crystal guardian You feel a surge of power!
The crystal guardian shatters!!
The crystal guardian is heavily damaged.
The blast of crystal shards hits the crystal guardian.
The crystal guardian is lightly damaged.
The blast of crystal shards hits the boulder beetle.
The boulder beetle is lightly wounded.
The zombie hands constrict the crystal guardian.
The crystal guardian fires a crystalline bolt at you.
The crystal bolt burns you!!!
Ouch! That really hurt!
* * * LOW HITPOINT WARNING * * *
Blink to where?
Press: ? - help, Dir - move target, p - crystal guardian
As you read the scroll of blinking, it crumbles to dust.
The crystal guardian fires a crystalline bolt at you.
The crystal bolt burns you!!
You die...

#.# ##########...###.# ##.##
#................#
######...####.########...###.#
..............# ##.## #.####
..####...##.### #.# #..... ..#
##.###.### ###.####.#### ..#
#.......## #≈≈≈≈≈≈≈≈≈≈≈≈ ..#
####.....######≈###########
..# #.........@...#≈# :..).
..# #.##.....###...≈# ).....
>## #.###.###.#....≈##......
.# #.# #.# #......§##(.H... .#
#.# #.###.#(..§≈9B=...8) .#
#.# ##...###...§##$.9... .#
#.# ##......#.≈##$/)... .# #.#
######...≈# ...... ## #.#
##..≈# ....:


You could see a boulder beetle and a crystal guardian.

Vanquished Creatures
  Kirke (D:12)
  The ghost of asdu the Destroyer, a journeyman MeFE of Vehumet (D:11)
  2 hydras
  Erolcha (D:9)
  3 two-headed ogres
  A tengu warrior (D:10)
  Lodul (D:11)
  Pikel (D:6)
  A deep elf pyromancer (D:12)
  3 cyclopes
  2 manticores
  Maggie (D:9)
  Psyche (D:12)
  3 freezing wraiths (D:11)
  A komodo dragon (D:10)
  A hornet (D:10)
  4 trolls
  4 polar bears (D:9)
  3 slime creatures (D:9)
  5 yaks (D:9)
  A shadow (D:12)
  2 wraiths
  6 wyverns
  4 vampire mosquitoes
  A steam dragon (D:8)
  10 hogs
  Edmund (D:6)
  Duvessa (D:4)
  6 water moccasins
  An ice beast (D:5)
  6 orc warriors
  2 sky beasts
  9 black bears
  A wolf (D:9)
  7 centaurs
  12 ogres
  3 lemures (D:6)
  9 bullfrogs
  A kobold brigand (D:6)
  Blork the orc (D:6)
  5 necrophages
  A gnoll sergeant (D:10)
  2 scorpions (D:7)
  21 wights
  Dowan (D:4)
  7 killer bees
  21 howler monkeys
  3 jellies
  6 orc priests
  6 hounds
  3 gnoll boudas (D:7)
  Terence (D:2)
  11 orc wizards
  An iguana (D:4)
  4 gnolls (D:7)
  8 adders
  2 shadow imps
  4 white imps
  An ufetubus (D:4)
  2 worms
  A dart slug (D:3)
  27 orcs
  5 endoplasms
  2 giant cockroaches
  7 goblins
  8 hobgoblins
  3 jackals
  2 quokkas
  9 ball pythons
  5 bats (D:3)
  4 frilled lizards
  14 kobolds
  A rat (D:3)
322 creatures vanquished.

Vanquished Creatures (others)
  A wizard (D:9)
  48 fungi (D:8)
  50 plants
99 creatures vanquished.

Grand Total: 421 creatures vanquished

Notes
Turn   | Place    | Note
-------+----------+-------------------------------------------
     0 | D:1      | Alarak the Deep Elf Ice Elementalist began the quest for
                  | the Orb.
     0 | D:1      | Reached XP level 1. HP: 10/10 MP: 6/6
   674 | D:1      | Reached XP level 2. HP: 13/15 MP: 7/9
  1018 | D:1      | Found a faded altar of an unknown god.
  1230 | D:2      | Reached XP level 3. HP: 19/19 MP: 8/11
  1234 | D:2      | Learned a level 3 spell: Frozen Ramparts
  1238 | D:2      | Learned a level 3 spell: Ozocubu's Armour
  1325 | D:2      | Noticed Terence
  1328 | D:2      | Reached skill level 5 in Spellcasting
  1329 | D:2      | Killed Terence
  1530 | D:2      | Found a white marble altar of Elyvilon.
  1557 | D:2      | You fall into a shaft and drop 2 floors!
  1620 | D:4      | Reached XP level 4. HP: 24/24 MP: 7/13
  1745 | D:3      | Noticed a black bear
  2139 | D:3      | Killed a black bear
  2140 | D:3      | Reached XP level 5. HP: 23/28 MP: 3/16
  2256 | D:3      | Identified the +1 robe of Inference {Will+ Stlth+ Archmagi}
  3395 | D:4      | Noticed an ogre
  3399 | D:4      | Reached XP level 6. HP: 23/32 MP: 11/19
  3486 | D:4      | Noticed Duvessa
  3491 | D:4      | Killed Duvessa
  3492 | D:4      | Reached skill level 10 in Spellcasting
  3493 | D:4      | Noticed Dowan
  3503 | D:4      | Reached XP level 7. HP: 32/36 MP: 11/22
  3505 | D:4      | Killed Dowan
  3719 | D:4      | Reached skill level 5 in Ice Magic
  3947 | D:5      | Entered Level 5 of the Dungeon
  4394 | D:5      | Reached XP level 8. HP: 40/41 MP: 19/24
  4619 | D:5      | Reached skill level 5 in Conjurations
  4680 | D:5      | Found a staircase to the Ecumenical Temple.
  4689 | Temple   | Entered the Ecumenical Temple
  4689 | Temple   | Found a transporter.
  4689 | Temple   | Found a transporter.
  4691 | Temple   | Found a transporter.
  4691 | Temple   | Found a transporter.
  4715 | Temple   | Became a worshipper of Vehumet
  4764 | D:5      | Learned a level 4 spell: Hailstorm
  5673 | D:6      | Noticed Edmund
  5686 | D:6      | Killed Edmund
  6277 | D:6      | Noticed Blork the orc
  6288 | D:6      | Killed Blork the orc
  6289 | D:6      | Reached XP level 9. HP: 45/45 MP: 20/25
  6488 | D:6      | Noticed Pikel
  6501 | D:6      | Killed Pikel
  6502 | D:6      | Reached skill level 10 in Conjurations
  6933 | D:7      | Reached skill level 1 in Necromancy
  7079 | D:7      | Reached * piety under Vehumet
  7079 | D:7      | Offered knowledge of Sandblast by Vehumet.
  7299 | D:7      | Reached skill level 5 in Necromancy
  7467 | D:7      | Found a sacrificial altar of Ru.
  7469 | D:7      | Found a glowing golden altar of the Shining One.
  7492 | D:7      | Got the Quarto of the Brume and Hypothermia
  7737 | D:7      | Reached XP level 10. HP: 21/50 MP: 4/26
  8047 | D:7      | Offered knowledge of Foxfire by Vehumet.
  8049 | D:7      | Reached skill level 1 in Earth Magic
  8152 | D:7      | Reached ** piety under Vehumet
  8290 | D:7      | Learned a level 5 spell: Borgnjor's Vile Clutch
  9092 | D:8      | Reached skill level 5 in Earth Magic
  9569 | D:8      | Got the Incunable of the Floating Compass
  9790 | D:8      | Found a staircase to the Lair.
  9847 | D:8      | Noticed a manticore
  9853 | D:8      | Killed a manticore
 10150 | D:8      | Noticed a two-headed ogre
 10158 | D:8      | Killed a two-headed ogre
 10400 | D:8      | Noticed a two-headed ogre
 10407 | D:8      | Killed a two-headed ogre
 10407 | D:8      | Offered knowledge of Poisonous Vapours by Vehumet.
 10758 | D:8      | Reached XP level 11. HP: 54/54 MP: 24/28
 11285 | D:9      | Reached *** piety under Vehumet
 11670 | D:9      | Found a huge runed translucent gate.
 11671 | D:9      | Found a huge runed translucent gate.
 11671 | D:9      | Found a huge runed translucent gate.
 11724 | D:9      | Noticed Maggie
 11734 | D:9      | Killed Maggie
 11738 | D:9      | Offered knowledge of Ignite Poison by Vehumet.
 11874 | D:9      | Found a staircase to the Orcish Mines.
 11928 | D:9      | Found a huge runed translucent gate.
 11957 | D:9      | Found a bloodstained altar of Trog.
 11958 | D:9      | Noticed a wizard
 11959 | D:9      | Noticed Erolcha
 11962 | D:9      | Killed Erolcha
 11963 | D:9      | Reached skill level 10 in Necromancy
 11964 | D:9      | Killed a wizard
 12580 | D:9      | Upgraded the game from 0.29-a0-925-g0a7a3d12f8 to
                  | 0.29-a0-973-gac7da5f7f0
 12647 | D:10     | Entered Level 10 of the Dungeon
 12659 | D:10     | Reached **** piety under Vehumet
 12756 | D:10     | Offered knowledge of Fireball by Vehumet.
 12763 | D:10     | Learned a level 5 spell: Fireball
 12943 | D:10     | Noticed a six-headed hydra
 12949 | D:10     | Killed a six-headed hydra
 13209 | D:10     | Noticed a tengu warrior
 13413 | D:10     | Killed a tengu warrior
 13414 | D:10     | Reached XP level 12. HP: 48/59 MP: 9/30
 13802 | D:10     | Found a shadowy altar of Dithmenos.
 14144 | D:11     | Found a runed translucent gate.
 14278 | D:11     | Found a runed translucent gate.
 14278 | D:11     | Found a runed translucent gate.
 14280 | D:11     | Noticed asdu's ghost (journeyman MeFE)
 14302 | D:11     | Noticed a seven-headed hydra
 14306 | D:11     | Killed a seven-headed hydra
 14374 | D:11     | Noticed Lodul
 14384 | D:11     | Reached skill level 1 in Fire Magic
 14385 | D:11     | Killed Lodul
 14523 | D:11     | HP: 1/59 [cyclops/large rock (28)]
 15395 | D:11     | Reached skill level 5 in Fire Magic
 15576 | D:11     | Killed asdu's ghost
 16036 | D:12     | Noticed jt's ghost (journeyman MeAK)
 16049 | D:12     | Noticed Kirke
 16129 | D:12     | Killed Kirke
 16129 | D:12     | Reached ***** piety under Vehumet
 16240 | D:12     | Found a transporter.
 16293 | D:12     | Found a transporter.
 16353 | D:12     | Offered knowledge of Lee's Rapid Deconstruction by Vehumet.
 16368 | D:12     | Learned a level 5 spell: Lee's Rapid Deconstruction
 16477 | D:12     | Found a runed translucent door.
 16477 | D:12     | Noticed a crystal guardian
 16480 | D:12     | Noticed a boulder beetle
 16539 | D:12     | Noticed Psyche
 16543 | D:12     | Killed Psyche
 16614 | D:12     | Noticed a two-headed ogre
 16617 | D:12     | Killed a two-headed ogre
 16618 | D:12     | Reached skill level 10 in Fire Magic
 16759 | D:12     | Noticed a crystal guardian
 16763 | D:12     | Upgraded the game from 0.29-a0-973-gac7da5f7f0 to
                  | 0.29-a0-982-gaed3a0c8d8
 16769 | D:12     | Killed from afar by a crystal guardian

Illustrated notes

Levels and vault maps discovered:
D:1:      tarquinn_simple_flora_water_c, layout_rooms,
          shapermc_ecumenical_altar_hornbeckon
D:2:      layout_loops_ring, basic_altar, uniq_terence
D:3:      minmay_chambers_of_threes, layout_basic, dk_vineyard_3,
          uniq_crazy_yiuf_cottage
D:4:      layout_loops_ring, minmay_tree_intersection, serial_bayou_pond_b,
          uniq_duvessa
D:5:      layout_basic, minmay_temple_entry_mist, nicolae_zen_rock_garden,
          hellmonk_bongcloud_opening, grunt_ministairs_6,
          chequers_serial_rivers_small_a
D:6:      nicolae_cairo_tiling_large_dashed, layout_basic, uniq_pikel,
          uniq_edmund, uniq_blork_the_orc
D:7:      nzn_winding_woodlands_small [nzn_winding_woodlands_5x15_cabin,
          nzn_winding_woodlands_center_garden,
          nzn_winding_woodlands_5x15_jagged], layout_loops_cross,
          jmf_multi_god_temple
D:8:      layout_basic, due_lair_maze_entry_diamond, serial_aquarium,
          aquarium_bridge_straight [aquarium_subvault_bridge,
          aquarium_subvault_balcony, aquarium_subvault_bridge,
          aquarium_subvault_window], aquarium_bridge_straight
          [aquarium_subvault_bridge, aquarium_subvault_window,
          aquarium_subvault_bridge, aquarium_subvault_wall],
          aquarium_window_corner, aquarium_window_1, aquarium_window_fake,
          aquarium_window_fake, aquarium_view_2a, aquarium_balcony_1a
D:9:      lemuel_bear_cage, layout_rooms, trog_wizard, orc_0_dummy,
          uniq_erolcha, uniq_maggie
D:10:     layout_rooms, serial_corexii_hall, chequers_hall_statues_corner_a,
          chequers_hall_statues_wall_a, corexii_hall_statues_u,
          corexii_hall_statues_l, grunt_ministairs_6, minmay_ruined_shrine
D:11:     layout_roguey, gammafunk_ghost_spectres, uniq_lodul
D:12:     layout_loops_ring, gammafunk_ghost_berserking_beasts,
          minmay_crystal_box, uniq_psyche, uniq_sonja, uniq_kirke
Temple:   hellmonk_temple_divided_pantheon

Skill      XL: |  1  2  3  4  5  6  7  8  9 10 11 12 |
---------------+-------------------------------------+-----
Spellcasting   | 4 5 7 8 10 11 12 | 12.0
Ice Magic      | 5 9 |  9.3
Conjurations   | 4 9 10 11 12 | 12.2
Necromancy     | 8 10 | 10.6
Earth Magic    | 9 |  9.0
Fire Magic     | 10 | 10.1
Dodging        | |  2.4
Stealth        | |  2.4

Action                   |  1- 3 |  4- 6 |  7- 9 | 10-12 || total
-------------------------+-------+-------+-------+-------++-------
Melee: Dagger            |    10 |     2 |       |       ||    12
       Staff             |       |       |   102 |    65 ||   167
       Punch             |       |       |     2 |       ||     2
 Fire: Sling             |       |    72 |    22 |       ||    94
 Cast: Freeze            |    25 |     4 |       |    14 ||    43
       Frozen Ramparts   |     1 |    12 |    39 |    38 ||    90
       Ozocubu's Armour  |     1 |    10 |    28 |    28 ||    67
       Hailstorm         |       |       |    20 |    13 ||    33
       Borgnjor's Vile C |       |       |       |    66 ||    66
       Fireball          |       |       |       |    86 ||    86
       Lee's Rapid Decon |       |       |       |     4 ||     4
  Use: Scroll            |     4 |       |     1 |    23 ||    28
       Potion            |       |       |     2 |     1 ||     3
 Stab: Sleeping          |     5 |       |       |       ||     5
Armor: Robe              |     3 |    14 |    61 |    55 ||   133
Dodge: Dodged            |    15 |    22 |   105 |    85 ||   227
Block: Other             |     5 |     6 |    39 |    29 ||    79
       Reflection        |       |     1 |     2 |     3 ||     6

Table legend: (Time is in decaauts)
 A = Elapsed time spent in this place.
 B = Non-inter-level travel time spent in this place.
 C = Inter-level travel time spent in this place.
 D = Time resting spent in this place.
 E = Time spent auto-exploring this place.
 F = Levels seen in this place.
 G = Mean time per level.
                   A        B        C        D        E       F      G
               +--------+--------+--------+--------+--------+-----+--------+
         Total |  16874 |  16102 |    772 |   6321 |   7811 |  13 | 1298.0 |
       Dungeon |  16813 |  16086 |    727 |   6321 |   7805 |  12 | 1401.1 |
        Temple |     60 |     15 |     45 |      0 |      6 |   1 |   60.0 |
               +--------+--------+--------+--------+--------+-----+--------+

Top non-repeatable levels by time:
     D:7: 2352 daAuts
     D:8: 1974 daAuts
    D:11: 1677 daAuts
     D:5: 1564 daAuts
     D:9: 1516 daAuts
     D:6: 1406 daAuts
    D:10: 1272 daAuts
     D:4: 1165 daAuts
     D:1: 1129 daAuts
    D:12: 1056 daAuts
     D:3: 876 daAuts
     D:2: 821 daAuts
  Temple: 60 daAuts
